 Dungeon Crawl Stone Soup version 0.31.0-9-g3a7656b989 (webtiles) character file.

Game seed: 11324909651135052900

128 qw the Ducker (level 4, -3/23 HPs)
             Began as a Spriggan Hunter on Feb 2, 2024.
             Slain by an orc
             ... wielding a +2 mace of protection
              (8 damage)
             ... on level 4 of the Dungeon.
             The game lasted 00:00:07 (2169 turns).

qw the Ducker (Spriggan Hunter)                     Turns: 2169, Time: 00:00:07

Health: -3/23      AC:  2    Str:  7    XL:     4   Next: 86%
Magic:  5/5        EV: 20    Int: 10    God:
Gold:   177        SH:  0    Dex: 20    Spells: 3/3 levels left

rFire   . . .        a - +1 shortbow
rCold   . . .        (shield currently unavailable)
rNeg    . . .        c - +0 robe
rPois   .            (helmet restricted)
rElec   .            (no cloak)
rCorr   .            (gloves unavailable)
SInv    +            (boots unavailable)
Will    .....        (no amulet)
Stlth   ++           (no ring)
HPRegen 0.23/turn    (no ring)
MPRegen 0.09/turn

%: no passive effects
@: lethally poisoned (-3 -> -4), about to teleport, very quick
A: very small, no large weapons, unfitting armour, see invisible, speed 3
a: no special abilities


You were on level 4 of the Dungeon.
You visited 1 branch of the dungeon, and saw 4 of its levels.

You collected 177 gold pieces.


Innate Abilities, Weirdness & Mutations

You are very small and have problems with some larger weapons.
You are too small for most types of armour.
You have supernaturally acute eyesight. (SInv)
You cover ground extremely quickly. (Speed+++)


   Skills:
 + Level 1.6 Fighting
 - Level 5.0 Ranged Weapons
 - Level 5.5 Dodging
 - Level 1.5 Stealth


You had 3 spell levels left.
You didn't know any spells.
Your spell library was empty.

Inventory:

Hand Weapons
 a - a +1 shortbow (weapon)
Armour
 c - a +0 robe (worn)
Scrolls
 b - a scroll of enchant armour {unknown}
 j - a scroll of teleportation
 k - a scroll of poison {unknown}
Potions
 d - a potion of enlightenment
 e - a potion of mutation {unknown}
 f - 3 potions of heal wounds
 g - a potion of curing {unknown}
 h - a potion of lignification {unknown}
 i - a potion of brilliance {unknown}

Dungeon Overview and Level Annotations

Branches:
Dungeon (4/15)
 Temple: D:4-7

Altars:
Cheibriados


Message History

You have reached level 4!
You shoot an arrow. The arrow hits the scorpion.
The scorpion is moderately wounded.
The scorpion stings you. The scorpion closely misses you.
A goblin comes into view. It is wielding a +0 dagger.
You shoot an arrow.
The arrow hits the scorpion but does no damage.
The scorpion is moderately wounded.
The scorpion stings you.
You shoot an arrow. The arrow hits the scorpion.
The scorpion is heavily wounded.
The scorpion barely misses you. The scorpion stings you.
You are poisoned.
The scorpion poisons you!
You shoot an arrow. The arrow hits the scorpion.
The scorpion is severely wounded.
You feel very sick. The scorpion barely misses you.
You shoot an arrow. The arrow hits the scorpion!
You kill the scorpion!
You feel very sick.
Your Dodging skill increases to level 5!
You shoot an arrow. The arrow hits the orc!
You kill the orc!
You feel sick.
You shoot an arrow. The arrow hits the orc.
The orc is heavily wounded.
You feel sick. The orc barely misses you.
You shoot an arrow. The arrow hits the orc!
You kill the orc!
You feel sick.
You shoot an arrow.
The arrow hits the orc but does no damage.
You feel sick. The orc barely misses you. The orc misses you.
2169 ||| READING 2 scrolls of teleportation.
As you read the scroll of teleportation, it crumbles to dust.
You feel strangely unstable.
You feel sick.
The orc hits you with a +2 mace of protection!
You die...

...# #.###+##..... ...#
#............ ...###
###............ .<.'.#
............... ...#.#
..#........... ####.#
#. #. ###'# #.# #.. #.
#...# #.####..#
#.##g### #.#..#...#
#.@og..## #.#..#
#..#####.#..# #.#..#
#.......#..# ####.#..#
#....#..#..# ........#
#.##.#..#..#
)....#.##.##.##.#..##.#
.....#.##.............#
.....#.#####.###..#####
.....#.##### ##.#


You could see an orc and 2 goblins.

Vanquished Creatures
  A scorpion (D:4)
  2 adders (D:2)
  3 ribbon worms (D:2)
  A dart slug (D:2)
  3 orcs (D:4)
  4 endoplasms
  7 goblins
  2 hobgoblins
  A quokka (D:1)
  6 ball pythons
  3 bats
  4 frilled lizards
  4 kobolds
  3 rats
44 creatures vanquished.

Notes
Turn   | Place    | Note
-------+----------+-------------------------------------------
     0 | D:1      | qw the Spriggan Hunter began the quest for the Orb.
     0 | D:1      | Reached XP level 1. HP: 10/10 MP: 2/2
     0 | D:1      | 0 ||| qw: Version: 0.3-a-155-g5e7d8dd
     0 | D:1      | 0 ||| qw: Game counter: 2204
     0 | D:1      | 0 ||| qw: Melee chars always use a shield: true
     0 | D:1      | 0 ||| qw: God list: Okawaru
     0 | D:1      | 0 ||| qw: Allow faded altars: false
     0 | D:1      | 0 ||| qw: Do Orc after clearing Dungeon:15 true
     0 | D:1      | 0 ||| qw: Do second Lair branch before Depths: true
     0 | D:1      | 0 ||| qw: Lair rune preference: random
     0 | D:1      | 0 ||| qw: Goals: Normal
     0 | D:1      | 0 ||| PLANNING D:1-11
    49 | D:1      | Reached skill level 3 in Dodging
   564 | D:1      | Reached XP level 2. HP: 14/14 MP: 3/3
   927 | D:1      | 927 ||| READING scroll labelled XAOWNE HETSARE.
   927 | D:1      | 927 ||| IDENTIFYING fuming sapphire potion
   928 | D:1      | 928 ||| READING scroll labelled JYIGHE YCOEBEBB.
   929 | D:1      | 929 ||| READING scroll labelled DYMPAPT HISO.
   934 | D:1      | 934 ||| DROPPING scroll of butterflies.
  1016 | D:2      | Found a snail-covered altar of Cheibriados.
  1025 | D:2      | Identified the +6 trident of Doom {flame, rF+ rC+ Int+3}
  1065 | D:2      | Reached XP level 3. HP: 18/18 MP: 4/4
  1594 | D:2      | 1594 ||| READING scroll labelled LADDACE PEMAYN.
  1595 | D:2      | 1595 ||| DRINKING 2 viscous red potions.
  2038 | D:3      | 2038 ||| READING scroll labelled NUJEVI VAEG FOR.
  2038 | D:3      | 2038 ||| ENCHANTING +0 shortbow.
  2149 | D:4      | Noticed a scorpion
  2152 | D:4      | 2152 ||| RETREEEEATING.
  2154 | D:4      | 2154 ||| RETREEEEATING.
  2155 | D:4      | 2155 ||| RETREEEEATING.
  2156 | D:4      | 2156 ||| RETREEEEATING.
  2160 | D:4      | Reached XP level 4. HP: 22/22 MP: 5/5
  2164 | D:4      | Killed a scorpion
  2168 | D:4      | HP: 5/23 [poisoned by a scorpion]
  2169 | D:4      | 2169 ||| READING 2 scrolls of teleportation.
  2169 | D:4      | Slain by an orc

Levels and vault maps discovered:
D:1:      spicycebolla_green_bress_n_ham_2, layout_loops_corners, serial_bayou,
          serial_bayou_pond_c, serial_bayou_pond_a, serial_bayou_pond_d,
          serial_bayou_shore_a, serial_bayou_pond_c, serial_bayou_lagoon_a,
          st_stairs_10
D:2:      layout_loops_ring, basic_altar, patterned_corridor
D:3:      layout_basic
D:4:      layout_basic, kennysheep_another_room, serial_bayou_crossing

Skill      XL: |  1  2  3  4 |
---------------+-------------+-----
Dodging        | 3 4 5 |  5.5
Ranged Weapons | 5 |  5.0
Fighting       | |  1.6
Stealth        | |  1.5

Action                     |  1- 3 |  4- 6 || total
---------------------------+-------+-------++-------
   Fire: Shortbow          |   116 |     9 ||   125
    Use: Scroll            |     5 |     1 ||     6
         Potion            |     1 |       ||     1
 Armour: Robe              |     5 |     4 ||     9
  Dodge: Dodged            |    21 |     6 ||    27

Table legend:
 A = Non-vault XP
 B = Vault XP
 C = Vault XP percentage of total XP
 D = Non-vault monster count
 E = Vault monster count
 F = Vault count percentage of total count
                 A         B        C        D         E       F
            +---------+---------+-------+---------+---------+-------
      Total |     182 |       1 |   0.5 |      43 |       1 |   2.3
            +---------+---------+-------+---------+---------+-------
        D:1 |      16 |       1 |   5.9 |      10 |       1 |   9.1
        D:2 |      61 |       0 |   0.0 |      19 |       0 |   0.0
        D:3 |       9 |       0 |   0.0 |       6 |       0 |   0.0
        D:4 |      96 |       0 |   0.0 |       8 |       0 |   0.0
            +---------+---------+-------+---------+---------+-------
